| TOP OF THE 1ST |
|
Detroit (APP) Tigers batting - Pitching for Greeneville Astros : RHP James Browning
|
|
Pitching: RHP James Browning
|
|
|
Batting: LHB Dave Carlisle
|
0-0: Called Strike 0-1: Foul Ball, location: 2F 0-2: Strikes out swinging, 2-3 out at first.
|
|
Batting: RHB Nate Dabney
|
0-0: Ball 1-0: Foul Ball, location: 2F 1-1: Ball 2-1: Ball 3-1: Foul Ball, location: 2F 3-2: SINGLE (Groundball, 4MD, EV 96.9 MPH)
|
|
Batting: LHB Afanasy Zasekin
|
0-0: Foul Ball, location: 2F 0-1: Ball 1-1: Foul Ball, location: 2F 1-2: Ball 2-2: Strikes out swinging
|
|
Batting: LHB Isao Fukui
|
0-0: Ball 1-0: Ground out 4-3 (Groundball, 34, EV 98.8 MPH)
|
| Top of the 1st over - 0 runs, 1 hit, 0 errors, 1 left on base; Detroit (APP) 0 - Greeneville 0 |
| BOTTOM OF THE 1ST |
|
Greeneville Astros batting - Pitching for Detroit (APP) Tigers : RHP Mike Santana
|
|
Pitching: RHP Mike Santana
|
|
|
Batting: RHB Jason Monico
|
0-0: Called Strike 0-1: SINGLE (Line Drive, 8LS, EV 99.4 MPH)
|
|
Batting: RHB Russ Greer
|
0-0: Fly out, F8 (Flyball, 8RS, EV 88.8 MPH)
|
|
Batting: RHB Chris Miller
|
0-0: Ball 1-0: Ball 2-0: Ball 3-0: Base on Balls Jason Monico to second
|
|
Batting: LHB Daigo Ishii
|
0-0: Ball 1-0: Ground out U3 (Groundball, 34S, EV 66.2 MPH) Jason Monico to third Chris Miller to second
|
|
Batting: RHB Yoshitoshi Mori
|
0-0: Foul Ball, location: 2F 0-1: Swinging Strike Passed Ball! Jason Monico scores Chris Miller to third 0-2: Foul Ball, location: 2F 0-2: Fly out, F4 (Flyball, 34D, EV 93.1 MPH)
|
| Bottom of the 1st over - 1 run, 1 hit, 0 errors, 1 left on base; Detroit (APP) 0 - Greeneville 1 |
| TOP OF THE 2ND |
|
Detroit (APP) Tigers batting - Pitching for Greeneville Astros : RHP James Browning
|
|
Batting: RHB Juan Acero
|
0-0: Ball 1-0: Ball 2-0: Ball 3-0: Called Strike 3-1: Base on Balls
|
|
Batting: SHB Jean-Luc Legros
|
0-0: Swinging Strike 0-1: Ball 1-1: Ball 2-1: Fielders Choice at 2nd, 4-6 (Groundball, 4M, EV 100.6 MPH)
|
|
Batting: RHB Yankel Pensak
|
0-0: Fly out, F7 (Flyball, 7, EV 96.2 MPH)
|
|
Batting: LHB Timotheus Young
|
0-0: Swinging Strike 0-1: Ball 1-1: Foul Ball, location: 2F 1-2: Ball 2-2: Fielders Choice at 2nd, 5-4 (Groundball, 5, EV 84.4 MPH)
|
| Top of the 2nd over - 0 runs, 0 hits, 0 errors, 1 left on base; Detroit (APP) 0 - Greeneville 1 |
| BOTTOM OF THE 2ND |
|
Greeneville Astros batting - Pitching for Detroit (APP) Tigers : RHP Mike Santana
|
|
Batting: RHB Erik Smith
|
0-0: Hit by Pitch
|
|
Batting: RHB Gabe Allen
|
0-0: Ball 1-0: Swinging Strike 1-1: Ball 2-1: Ball 3-1: Base on Balls Erik Smith to second
|
|
Batting: RHB Keith Goodwin
|
0-0: Ball 1-0: Ball 2-0: Ball 3-0: Called Strike 3-1: Base on Balls Erik Smith to third Gabe Allen to second
|
|
Batting: RHB Omar Amaya
|
0-0: Ball 1-0: Ball 2-0: Ball 3-0: Called Strike 3-1: Base on Balls Erik Smith scores Gabe Allen to third Keith Goodwin to second
|
|
Pitching: RHP Alvaro Patino
|
|
|
Batting: RHB Jason Monico
|
0-0: Called Strike 0-1: Ball 1-1: Ball 2-1: Ball 3-1: Foul Ball, location: 2F 3-2: Base on Balls Gabe Allen scores Keith Goodwin to third Omar Amaya to second
|
|
Batting: RHB Russ Greer
|
0-0: Fielders Choice at 2nd, 4-6 (Groundball, 4, EV 80.6 MPH) Keith Goodwin scores Omar Amaya to third
|
|
Batting: RHB Chris Miller
|
0-0: Ball 1-0: Fielders Choice at 2nd, 2-4 (Groundball, 2L, EV 67.5 MPH)
|
|
Batting: LHB Daigo Ishii
|
0-0: Ball 1-0: Ball 2-0: Ball 3-0: Base on Balls Chris Miller to second
|
|
Batting: RHB Yoshitoshi Mori
|
0-0: Ball 1-0: Ball 2-0: Foul Ball, location: 2F 2-1: Ball 3-1: Called Strike 3-2: Base on Balls Omar Amaya scores Chris Miller to third Daigo Ishii to second
|
|
Pitching: RHP Malcolm Holz
|
|
|
Batting: RHB Erik Smith
|
0-0: Called Strike 0-1: Fly out, F9 (Flyball, 9D, EV 77.5 MPH)
|
| Bottom of the 2nd over - 4 runs, 0 hits, 0 errors, 3 left on base; Detroit (APP) 0 - Greeneville 5 |
| TOP OF THE 3RD |
|
Detroit (APP) Tigers batting - Pitching for Greeneville Astros : RHP James Browning
|
|
Batting: RHB Adam Fisher
|
0-0: Ball 1-0: Swinging Strike 1-1: Ball 2-1: SINGLE (Line Drive, 4MD, EV 95.6 MPH)
|
|
Batting: LHB Dave Carlisle
|
0-0: Ball 1-0: SINGLE (Groundball, 56D, EV 99.4 MPH) Adam Fisher to second
|
|
Batting: RHB Nate Dabney
|
0-0: Swinging Strike 0-1: Ball 1-1: Called Strike 1-2: Foul Ball, location: 2F 1-2: Strikes out swinging
|
|
Batting: LHB Afanasy Zasekin
|
0-0: Called Strike 0-1: Fielders Choice at 2nd, 6-4 (Groundball, 6, EV 88.8 MPH) Adam Fisher to third
|
|
Batting: LHB Isao Fukui
|
0-0: Ball 1-0: Called Strike 1-1: Ball 2-1: Swinging Strike 2-2: Fly out, F6 (Popup, 4MS, EV 58.8 MPH)
|
| Top of the 3rd over - 0 runs, 2 hits, 0 errors, 2 left on base; Detroit (APP) 0 - Greeneville 5 |
| BOTTOM OF THE 3RD |
|
Greeneville Astros batting - Pitching for Detroit (APP) Tigers : RHP Malcolm Holz
|
|
Batting: RHB Gabe Allen
|
0-0: Ball 1-0: Swinging Strike 1-1: Called Strike 1-2: Strikes out looking
|
|
Batting: RHB Keith Goodwin
|
0-0: Ground out 4-3 (Groundball, 4, EV 92.5 MPH)
|
|
Batting: RHB Omar Amaya
|
0-0: Ball 1-0: TRIPLE (Line Drive, 78XD, EV 102.5 MPH)
|
|
Batting: RHB Jason Monico
|
0-0: Ball 1-0: Ground out 6-3 (Groundball, 6S, EV 91.2 MPH)
|
| Bottom of the 3rd over - 0 runs, 1 hit, 0 errors, 1 left on base; Detroit (APP) 0 - Greeneville 5 |
| TOP OF THE 4TH |
|
Detroit (APP) Tigers batting - Pitching for Greeneville Astros : RHP James Browning
|
|
Batting: RHB Juan Acero
|
0-0: Called Strike 0-1: Ball 1-1: Ball 2-1: Foul Ball, location: 2F 2-2: Ground out 6-3 (Groundball, 6, EV 84.4 MPH)
|
|
Batting: SHB Jean-Luc Legros
|
0-0: Foul Ball, location: 2F 0-1: Ball 1-1: Ball 2-1: Foul Ball, location: 2F 2-2: SINGLE (Flyball, 89S, EV 88.8 MPH)
|
|
Batting: RHB Yankel Pensak
|
0-0: Ball 1-0: Fly out, F8 (Flyball, 8RM, EV 81.9 MPH)
|
|
Batting: LHB Timotheus Young
|
0-0: Ball 1-0: Swinging Strike 1-1: Called Strike 1-2: Strikes out looking
|
| Top of the 4th over - 0 runs, 1 hit, 0 errors, 1 left on base; Detroit (APP) 0 - Greeneville 5 |
| BOTTOM OF THE 4TH |
|
Greeneville Astros batting - Pitching for Detroit (APP) Tigers : RHP Malcolm Holz
|
|
Batting: RHB Russ Greer
|
0-0: Ball 1-0: Foul Ball, location: 2F 1-1: Ground out 5-3 (Groundball, 56, EV 85.0 MPH)
|
|
Batting: RHB Chris Miller
|
0-0: Called Strike 0-1: Ball 1-1: DOUBLE (Groundball, 5L, EV 103.1 MPH)
|
|
Batting: LHB Daigo Ishii
|
0-0: Ball 1-0: Ball 2-0: Ball 3-0: Called Strike 3-1: Fly out, F7 (Flyball, 7LSF, EV 84.4 MPH)
|
|
Pitching: RHP Matt Haberle
|
|
|
Batting: RHB Yoshitoshi Mori
|
0-0: Called Strike 0-1: Swinging Strike 0-2: Ball 1-2: Strikes out swinging
|
| Bottom of the 4th over - 0 runs, 1 hit, 0 errors, 1 left on base; Detroit (APP) 0 - Greeneville 5 |
| TOP OF THE 5TH |
|
Detroit (APP) Tigers batting - Pitching for Greeneville Astros : RHP James Browning
|
|
Batting: RHB Adam Fisher
|
0-0: Ball 1-0: Called Strike 1-1: Ball 2-1: Ground out 6-3 (Groundball, 56, EV 79.4 MPH)
|
|
Batting: LHB Dave Carlisle
|
0-0: Ball 1-0: Ground out 5-3 (Groundball, 15, EV 91.9 MPH)
|
|
Batting: RHB Nate Dabney
|
0-0: Ball 1-0: Called Strike 1-1: Called Strike 1-2: Strikes out swinging
|
| Top of the 5th over - 0 runs, 0 hits, 0 errors, 0 left on base; Detroit (APP) 0 - Greeneville 5 |
| BOTTOM OF THE 5TH |
|
Greeneville Astros batting - Pitching for Detroit (APP) Tigers : RHP Matt Haberle
|
|
Batting: RHB Erik Smith
|
0-0: Swinging Strike 0-1: Foul Ball, location: 2F 0-2: Ball 1-2: Ball 2-2: Ball 3-2: Strikes out swinging
|
|
Batting: RHB Gabe Allen
|
0-0: Ball 1-0: Called Strike 1-1: Swinging Strike 1-2: Ball 2-2: Foul Ball, location: 2F 2-2: Fly out, F8 (Flyball, 8LM, EV 82.5 MPH)
|
|
Batting: RHB Keith Goodwin
|
0-0: Ball 1-0: Ball 2-0: Ball 3-0: Base on Balls
|
|
Batting: RHB Omar Amaya
|
0-0: Foul Ball, location: 2F 0-1: Ball 1-1: Ball 2-1: Ball 3-1: Base on Balls Keith Goodwin to second
|
|
Batting: RHB Jason Monico
|
0-0: Ball 1-0: SINGLE (Line Drive, 9S, EV 88.1 MPH) Keith Goodwin to third Omar Amaya to second
|
|
Batting: RHB Russ Greer
|
0-0: Foul Ball, location: 2F 0-1: Called Strike 0-2: Foul Ball, location: 2F 0-2: Ball 1-2: Strikes out swinging
|
| Bottom of the 5th over - 0 runs, 1 hit, 0 errors, 3 left on base; Detroit (APP) 0 - Greeneville 5 |
| TOP OF THE 6TH |
|
Detroit (APP) Tigers batting - Pitching for Greeneville Astros : RHP James Browning
|
|
Pitching: RHP Jon Davis
|
|
|
Batting: LHB Afanasy Zasekin
|
0-0: Ball 1-0: Ground out 4-3 (Groundball, 4, EV 80.6 MPH)
|
|
Batting: LHB Isao Fukui
|
0-0: SOLO HOME RUN (Flyball, 9LD, EV 97.5 MPH), Distance : 346 ft
|
|
Batting: RHB Juan Acero
|
0-0: Swinging Strike 0-1: Foul Ball, location: 2F 0-2: Ball 1-2: Ball 2-2: SOLO HOME RUN (Flyball, 7D, EV 103.1 MPH), Distance : 381 ft
|
|
Batting: SHB Jean-Luc Legros
|
0-0: Ground out 2-3 (Groundball, 2R, EV 68.1 MPH)
|
|
Batting: RHB Yankel Pensak
|
0-0: SINGLE (Groundball, 6MD, EV 99.4 MPH)
|
|
Batting: LHB Timotheus Young
|
0-0: Called Strike Yankel Pensak steals 2nd, throwing error, E2 Yankel Pensak to third 0-1: Ball 1-1: Ground out 5-3 (Groundball, 5, EV 87.5 MPH)
|
| Top of the 6th over - 2 runs, 3 hits, 1 error, 1 left on base; Detroit (APP) 2 - Greeneville 5 |
| BOTTOM OF THE 6TH |
|
Greeneville Astros batting - Pitching for Detroit (APP) Tigers : RHP Matt Haberle
|
|
Batting: RHB Chris Miller
|
0-0: Called Strike 0-1: Swinging Strike 0-2: Foul Ball, location: 2F 0-2: SINGLE (Groundball, 56D, EV 105.0 MPH)
|
|
Batting: LHB Daigo Ishii
|
0-0: Ball 1-0: Called Strike 1-1: Ball 2-1: Foul Ball, location: 2F 2-2: Foul Ball, location: 2F 2-2: Foul Ball, location: 2F 2-2: Foul Ball, location: 2F 2-2: Foul Ball, location: 2F 2-2: Foul Ball, location: 2F 2-2: DOUBLE (Line Drive, 89D, EV 105.6 MPH) Chris Miller to third
|
|
Batting: RHB Yoshitoshi Mori
|
0-0: Foul Ball, location: 2F 0-1: Ball 1-1: Fly out, F9 (Flyball, 89S, EV 75.6 MPH)
|
|
Batting: RHB Erik Smith
|
0-0: Ball 1-0: Ball 2-0: Foul Ball, location: 2F 2-1: 3-RUN HOME RUN (Flyball, 7LD, EV 101.2 MPH), Distance : 379 ft
|
|
Batting: RHB Gabe Allen
|
0-0: DOUBLE (Line Drive, 7LM, EV 86.2 MPH)
|
|
Batting: RHB Keith Goodwin
|
0-0: Ball 1-0: Called Strike 1-1: Ball 2-1: Ball 3-1: Base on Balls
|
|
Batting: RHB Omar Amaya
|
0-0: Ball 1-0: Foul Ball, location: 2F 1-1: Ball 2-1: Foul Ball, location: 2F 2-2: Foul Ball, location: 2F 2-2: Strikes out swinging
|
|
Pitching: RHP Yasutaka Yamasaki
|
|
|
Batting: RHB Jason Monico
|
0-0: Called Strike 0-1: Called Strike 0-2: Strikes out swinging
|
| Bottom of the 6th over - 3 runs, 4 hits, 0 errors, 2 left on base; Detroit (APP) 2 - Greeneville 8 |
| TOP OF THE 7TH |
|
Detroit (APP) Tigers batting - Pitching for Greeneville Astros : RHP Jon Davis
|
|
Batting: RHB Adam Fisher
|
0-0: Swinging Strike 0-1: Ball 1-1: Foul Ball, location: 2F 1-2: Strikes out swinging
|
|
Batting: LHB Dave Carlisle
|
0-0: Called Strike 0-1: DOUBLE (Line Drive, 9LS, EV 101.2 MPH)
|
|
Batting: RHB Nate Dabney
|
0-0: Called Strike 0-1: Swinging Strike 0-2: Ball 1-2: Ball 2-2: Fly out, F8 (Flyball, 8LD, EV 90.6 MPH)
|
|
Batting: LHB Afanasy Zasekin
|
0-0: Ball 1-0: Called Strike 1-1: Swinging Strike 1-2: Strikes out swinging
|
| Top of the 7th over - 0 runs, 1 hit, 0 errors, 1 left on base; Detroit (APP) 2 - Greeneville 8 |
| BOTTOM OF THE 7TH |
|
Greeneville Astros batting - Pitching for Detroit (APP) Tigers : RHP Yasutaka Yamasaki
|
|
Batting: RHB Russ Greer
|
0-0: Foul Ball, location: 2F 0-1: Called Strike 0-2: Ground out 6-3 (Groundball, 6, EV 83.8 MPH)
|
|
Batting: RHB Chris Miller
|
0-0: Ball 1-0: Foul Ball, location: 2F 1-1: Foul Ball, location: 2F 1-2: Ball 2-2: Foul Ball, location: 2F 2-2: Fly out, F6 (Popup, 6M, EV 56.2 MPH)
|
|
Batting: LHB Daigo Ishii
|
0-0: Called Strike 0-1: Swinging Strike 0-2: Strikes out swinging
|
| Bottom of the 7th over - 0 runs, 0 hits, 0 errors, 0 left on base; Detroit (APP) 2 - Greeneville 8 |
| TOP OF THE 8TH |
|
Detroit (APP) Tigers batting - Pitching for Greeneville Astros : RHP Jon Davis
|
|
Batting: LHB Isao Fukui
|
0-0: Called Strike 0-1: Foul Ball, location: 2F 0-2: Ball 1-2: Ball 2-2: Ball 3-2: Foul Ball, location: 2F 3-2: Strikes out looking
|
|
Pitching: RHP Kuaika Anakala
|
|
|
Batting: RHB Juan Acero
|
0-0: Foul Ball, location: 2F 0-1: SINGLE (Groundball, 6D, EV 96.9 MPH)
|
|
Batting: SHB Jean-Luc Legros
|
0-0: Called Strike 0-1: Called Strike 0-2: Hit by Pitch Juan Acero to second
|
|
Batting: RHB Yankel Pensak
|
0-0: Ball 1-0: Ball 2-0: Ball 3-0: Base on Balls Juan Acero to third Jean-Luc Legros to second
|
|
Batting: LHB Timotheus Young
|
0-0: Called Strike 0-1: Ball 1-1: Called Strike 1-2: Strikes out swinging
|
|
Batting: RHB Adam Fisher
|
0-0: Ball 1-0: Called Strike 1-1: Swinging Strike 1-2: Foul Ball, location: 2F 1-2: Ball 2-2: Foul Ball, location: 2F 2-2: Foul Ball, location: 2F 2-2: Fly out, F9 (Flyball, 9LS, EV 91.9 MPH)
|
| Top of the 8th over - 0 runs, 1 hit, 0 errors, 3 left on base; Detroit (APP) 2 - Greeneville 8 |
| BOTTOM OF THE 8TH |
|
Greeneville Astros batting - Pitching for Detroit (APP) Tigers : RHP Yasutaka Yamasaki
|
|
Batting: RHB Yoshitoshi Mori
|
0-0: SINGLE (Groundball, 4MD, EV 106.2 MPH)
|
|
Batting: RHB Erik Smith
|
0-0: Ball 1-0: Ball 2-0: 2-RUN HOME RUN (Line Drive, 7LD, EV 94.4 MPH), Distance : 363 ft
|
|
Batting: RHB Gabe Allen
|
0-0: Called Strike 0-1: Ball 1-1: Foul Ball, location: 2F 1-2: Ground out 6-3 (Groundball, 6, EV 92.5 MPH)
|
|
Pinch Hitting: SHB Miguel Sierra
|
0-0: Swinging Strike 0-1: Called Strike 0-2: Ball 1-2: Strikes out swinging
|
|
Batting: RHB Omar Amaya
|
0-0: Ball 1-0: Ball 2-0: Ball 3-0: Called Strike 3-1: Foul Ball, location: 2F 3-2: Strikes out swinging
|
| Bottom of the 8th over - 2 runs, 2 hits, 0 errors, 0 left on base; Detroit (APP) 2 - Greeneville 10 |
| TOP OF THE 9TH |
|
Detroit (APP) Tigers batting - Pitching for Greeneville Astros : RHP Kuaika Anakala
|
|
Now at 1B: Miguel Sierra
|
|
|
Batting: LHB Dave Carlisle
|
0-0: Ball 1-0: Called Strike 1-1: Ball 2-1: Swinging Strike 2-2: Fly out, F4 (Popup, 3S, EV 81.9 MPH)
|
|
Batting: RHB Nate Dabney
|
0-0: Called Strike 0-1: Foul Ball, location: 2F 0-2: Foul Ball, location: 2F 0-2: SINGLE (Flyball, 5D, EV 85.0 MPH)
|
|
Pitching: LHP Bernard Grose
|
|
|
Batting: LHB Afanasy Zasekin
|
0-0: Called Strike 0-1: Ball 1-1: Foul Ball, location: 2F 1-2: Strikes out swinging
|
|
Batting: LHB Isao Fukui
|
0-0: Swinging Strike 0-1: Ball 1-1: Called Strike 1-2: Strikes out swinging
|
| Top of the 9th over - 0 runs, 1 hit, 0 errors, 1 left on base; Detroit (APP) 2 - Greeneville 10 |
|